 Seeded DCSS version 0.29-a0-459-g97dee8cd24 (webtiles) character file.

Game seed: 696969 (custom seed)

21387 oldmanjim the Blocker (level 12, -11/111 HPs)
             Began as a Troll Fighter on May 20, 2022.
             Was the Champion of Okawaru.
             Mangled by a phantasmal warrior (17 damage)
             ... on level 2 of the Abyss on May 21, 2022.
             The game lasted 01:18:41 (12835 turns).

oldmanjim the Blocker (Troll Fighter)              Turns: 12835, Time: 01:18:42

Health: -11/111    AC: 22    Str: 31    XL:     12   Next: 53%
Magic:  16/16      EV:  3    Int:  4    God:    Okawaru [******]
Gold:   2848       SH: 11    Dex:  9    Spells: 11/11 levels left

rFire   + . .      SeeInvis .     - Unarmed
rCold   + . .      Faith    .   X - +0 kite shield
rNeg    . . .      Spirit   .   n - +1 gold dragon scales
rPois   +          Reflect  .   (helmet restricted)
rElec   +          Harm     .   V - +0 cloak
rCorr   +          Rampage  .   (gloves unavailable)
Will    ++...                   (boots unavailable)
Stlth   ..........              (no amulet)
HPRegen 1.08/turn               f - ring "Ruluobi" {Wiz rElec Will++ rCorr Stlth-}
MPRegen 0.15/turn               C - +4 ring of protection

@: about to teleport
A: large, unfitting armour, claws 3, regeneration 1, shaggy fur 1, tough skin 1,
[screaming 2]
a: Renounce Religion, Heroism, Finesse, Duel


You were on level 2 of the Abyss.
You worshipped Okawaru.
Okawaru was exalted by your worship.
You visited 3 branches of the dungeon, and saw 15 of its levels.
You visited the Abyss 1 time.

You collected 2848 gold pieces.

Inventory:

Hand Weapons
 b - a +5 mace of freezing
 u - a +1 fustibalus of flaming
 U - the +8 quarterstaff of Pijuih {freeze, Fly Str+6 Dex-5}
   (Okawaru gifted it to you on level 1 of the Lair of Beasts)

   It freezes those it strikes, dealing additional cold damage.
   It can also slow down cold-blooded creatures.
   Str:       It affects your strength (+6).
   Dex:       It affects your dexterity (-5).
   Fly:       It grants you flight.
Missiles
 g - 500 stones
 q - 9 poisoned darts
 v - 2 silver javelins
 y - 14 large rocks
 H - 3 boomerangs (quivered)
 P - 3 silver boomerangs
 R - a curare-tipped dart
 S - 3 throwing nets
 T - 2 javelins
Armour
 n - +1 gold dragon scales (worn)
 M - a +0 tower shield
 V - a +0 cloak (worn)
 X - a +0 kite shield (worn)
Jewellery
 e - a ring of see invisible
 f - the ring "Ruluobi" (left claw) {Wiz rElec Will++ rCorr Stlth-}
   (You acquired it on level 1 of the Dungeon)

   [ring of wizardry]

   It improves your spell success rate.
   rElec:     It insulates you from electricity.
   rCorr:     It protects you from acid and corrosion.
   Will:      It greatly increases your willpower.
   Stlth:     It makes you less stealthy.
 B - a ring of ice
 C - a +4 ring of protection (right claw)
 L - a ring of flight
 N - a +6 ring of strength
 Q - a ring of positive energy
Wands
 o - a wand of iceblast (8)
 D - a wand of digging (9)
 E - a wand of flame (17)
 J - a wand of paralysis (8)
Scrolls
 a - 7 scrolls of identify
 d - 3 scrolls of immolation
 h - 4 scrolls of teleportation
 j - 5 scrolls of enchant armour
 l - 4 scrolls of amnesia
 r - a scroll of blinking
 s - 2 scrolls of enchant weapon {unknown}
 t - a scroll of torment
 w - 2 scrolls of vulnerability
 z - a scroll of fear
 F - 3 scrolls of noise {unknown}
 I - 2 scrolls of fog
 K - a scroll of silence {unknown}
 O - a scroll of poison {unknown}
 W - a scroll of brand weapon {unknown}
Potions
 c - 3 potions of might
 i - 6 potions of flight
 k - 4 potions of heal wounds
 m - 6 potions of curing
 p - 2 potions of brilliance
 x - 3 potions of magic
 A - 3 potions of haste
 G - a potion of mutation


   Skills:
 - Level 5.0 Fighting
 - Level 5.0 Throwing
 + Level 4.3 Armour
 - Level 2.4 Dodging
 + Level 12.4 Shields
 + Level 11.5 Unarmed Combat
 - Level 7.0 Invocations


You had 11 spell levels left.
You didn't know any spells.
Your spell library contained the following spells:

 Spells                   Type           Power      Damage    Failure   Level
 Apportation              Tloc           0%         N/A       100%        1
 Foxfire                  Conj/Fire      0%         2x1d4     100%        1
 Conjure Flame            Conj/Fire      0%         6-21      100%        3
 Inner Flame              Hex/Fire       0%         N/A       100%        3
 Flame Wave               Conj/Fire      0%         2d4       100%        4
 Alistair's Intoxication  Tmut/Pois      0%         N/A       100%        5


Dungeon Overview and Level Annotations

Branches:
Dungeon (11/15)            Temple (1/1) D:4            Lair (3/6) D:11
  Swamp (0/4) Lair:2        Snake (0/4) Lair:3          Orc (0/2) D:10

Altars:
Ashenzari
Cheibriados
Dithmenos
Elyvilon
Fedhas
Gozag
Hepliaklqana
Kikubaaqudgha
Makhleb
Nemelex Xobeh
Okawaru
Qazlal
Ru
Sif Muna
Trog
Uskayaw
Vehumet
Wu Jian
Xom
Yredelemnul
Zin
The Shining One

Shops:
D:8 (

Annotations:
D:8 exclusion: 3 oklob plants
D:10 1 runed translucent door, exclusion: door
Lair:3 Amaemon, Sonja


Innate Abilities, Weirdness & Mutations

You are too large for most types of armour.
You have claws for hands.
Your natural rate of healing is unusually fast.
You are covered in fur. (AC +1)
You have tough skin. (AC +1)
[You frequently scream uncontrollably at your foes.]


Message History

You closely miss the phantasmal warrior.
You barely miss the phantasmal warrior.
You block the phantasmal warrior's attack.
You closely miss the phantasmal warrior.
The phantasmal warrior hits you!!
You claw the phantasmal warrior!
The phantasmal warrior is moderately damaged.
The phantasmal warrior hits you!
* * * LOW HITPOINT WARNING * * *
A spatial maelstrom comes into view.
The phantasmal warrior gestures at you.
The phantasmal warrior blinks!
A spatial vortex comes into view.
A spatial vortex comes into view.
The phantasmal warrior gestures at you.
The phantasmal warrior blinks!
The spatial maelstrom hits you but does no damage.
You block the spatial maelstrom's attack.
A spatial vortex comes into view.
The phantasmal warrior hits you but does no damage.
The spatial maelstrom hits you!
* * * LOW HITPOINT WARNING * * *
The spatial maelstrom hits you.
* * * LOW HITPOINT WARNING * * *
Space warps around you.
* * * LOW HITPOINT WARNING * * *
As you read the scroll of teleportation, it crumbles to dust.
You feel strangely unstable.
You feel the power of the Abyss delaying your translocation!
The spatial maelstrom hits you!
* * * LOW HITPOINT WARNING * * *
Space warps around you.
* * * LOW HITPOINT WARNING * * *
You block the spatial maelstrom's attack.
You block the phantasmal warrior's attack.
A spatial vortex comes into view.
The wraith attacks as you move away! The wraith hits you but does no damage.
The phantasmal warrior attacks as you move away!
The phantasmal warrior hits you!
You die...

.#..# .#..
... #. #.
#.. .. #v.
##..#.#
#...##..v.#
# . #.....#
#.. #@v##
#..WW..#
#......#
#......#
#......+
#......#
#.....##
#.....#
#.....#


You could see a spatial maelstrom, a spatial vortex, a phantasmal warrior and a
wraith.

Vanquished Creatures
  Snorg (D:11)
  Harold (D:11)
  2 hydras
  3 two-headed ogres
  An elephant (D:11)
  Maggie (Lair:1)
  Joseph (Lair:1)
  3 cane toads
  An efreet (Abyss:2)
  A komodo dragon (Lair:2)
  A hornet (D:7)
  A troll (D:11)
  12 blink frogs
  Prince Ribbit (D:8)
  3 raiju (Abyss:2)
  4 small abominations (Abyss:2)
  A vampire (D:11)
  Sigmund (D:2)
  3 large abominations (Abyss:2)
  2 wyverns
  26 yaks
  4 steam dragons
  4 basilisks
  2 vampire mosquitoes (D:11)
  3 nagas (Lair:3)
  3 acid dragons
  11 water moccasins
  6 orc warriors
  An ice beast (D:5)
  2 black bears
  2 sky beasts
  An ogre (D:3)
  5 wolves (Lair:1)
  5 centaurs
  A phantom (D:7)
  A kobold brigand (D:10)
  Blork the orc (D:6)
  3 necrophages
  4 bullfrogs
  5 scorpions
  11 wights
  7 howler monkeys
  3 jellies
  5 orc priests
  4 gnoll shamans
  2 hounds (D:5)
  An iron imp (Abyss:2)
  5 iguanas
  Natasha (twice) (D:2)
  10 orc wizards
  18 gnolls
  8 adders
  A shadow imp (D:6)
  3 white imps
  A worm (D:4)
  A dart slug (D:1)
  40 orcs
  5 bats
  12 endoplasms
  6 giant cockroaches
  13 goblins
  2 hobgoblins
  7 jackals
  18 kobolds
  4 quokkas
  7 ball pythons
  4 frilled lizards
  5 rats
  A lurking horror (Abyss:2)
340 creatures vanquished.

Vanquished Creatures (others)
  A small abomination (Abyss:2)
  An ufetubus (Abyss:2)
  6 foxfires (Abyss:2)
  7 fungi
  24 plants
39 creatures vanquished.

Grand Total: 379 creatures vanquished

Notes
Turn   | Place    | Note
-------+----------+-------------------------------------------
     0 | D:1      | oldmanjim the Troll Fighter began the quest for the Orb.
     0 | D:1      | Reached XP level 1. HP: 22/22 MP: 0/0
   116 | D:1      | Identified 3 scrolls of acquirement
   116 | D:1      | Acquired 796 gold pieces
   120 | D:1      | Acquired the ring "Ruluobi" {Wiz rElec Will++ rCorr Stlth-}
   125 | D:1      | Acquired 469 gold pieces
   141 | D:1      | Reached XP level 2. HP: 29/29 MP: 1/1
   186 | D:2      | Reached skill level 3 in Shields
   268 | D:3      | Reached XP level 3. HP: 36/36 MP: 2/2
   278 | D:3      | Found an iron altar of Okawaru.
   295 | D:3      | Noticed an ogre
   339 | D:3      | HP: 1/36 [ogre/+0 giant club (15)]
   340 | D:3      | Killed an ogre
   341 | D:3      | Reached XP level 4. HP: 2/45 MP: 3/3
   360 | D:3      | Reached XP level 5. HP: 11/53 MP: 4/4
   379 | D:3      | Became a worshipper of Warmaster Okawaru
   542 | D:2      | Reached skill level 4 in Shields
  1504 | D:2      | Noticed Natasha
  1510 | D:2      | Killed Natasha
  1525 | D:2      | Noticed Natasha
  1531 | D:2      | Killed Natasha
  1560 | D:2      | Noticed Sigmund
  1574 | D:2      | Killed Sigmund
  1574 | D:2      | Reached * piety under Okawaru
  1575 | D:2      | Reached XP level 6. HP: 53/61 MP: 5/5
  1788 | D:3      | Reached skill level 5 in Unarmed Combat
  1894 | D:3      | Reached skill level 5 in Shields
  1904 | D:3      | Found a faded altar of an unknown god.
  2414 | D:4      | Found a staircase to the Ecumenical Temple.
  2424 | Temple   | Entered the Ecumenical Temple
  2711 | D:4      | Reached XP level 7. HP: 67/67 MP: 6/6
  2924 | D:5      | Entered Level 5 of the Dungeon
  3006 | D:5      | Reached skill level 1 in Invocations
  3435 | D:5      | Reached ** piety under Okawaru
  3477 | D:5      | Found a blossoming altar of Fedhas.
  3645 | D:5      | Reached skill level 6 in Shields
  3645 | D:5      | Reached XP level 8. HP: 75/75 MP: 8/8
  4231 | D:6      | Noticed Blork the orc
  4237 | D:6      | Killed Blork the orc
  4457 | D:6      | Found a snail-covered altar of Cheibriados.
  4502 | D:6      | Found a basalt altar of Yredelemnul.
  4932 | D:7      | Noticed a hornet
  4942 | D:7      | Killed a hornet
  5119 | D:7      | Reached skill level 7 in Shields
  5121 | D:7      | Reached *** piety under Okawaru
  5212 | D:7      | Reached skill level 5 in Invocations
  5212 | D:7      | Reached XP level 9. HP: 75/77 MP: 11/11
  5350 | D:7      | Reached skill level 8 in Shields
  5795 | D:8      | Found a white marble altar of Elyvilon.
  5846 | D:8      | Noticed Prince Ribbit
  5860 | D:8      | Reached **** piety under Okawaru
  5871 | D:8      | Reached skill level 1 in Armour
  5978 | D:8      | Killed Prince Ribbit
  5979 | D:8      | Reached skill level 9 in Shields
  6098 | D:8      | Acquired 989 gold pieces
  6357 | D:8      | Reached ***** piety under Okawaru
  6358 | D:8      | Reached XP level 10. HP: 74/92 MP: 12/12
  6375 | D:8      | Found Guptilun's Weapon Boutique.
  6391 | D:8      | Noticed an oklob plant
  6393 | D:8      | Noticed an oklob plant
  6499 | D:8      | Noticed an oklob plant
  6578 | D:9      | Found a glowing golden altar of the Shining One.
  6601 | D:9      | Noticed a two-headed ogre
  6610 | D:9      | Killed a two-headed ogre
  7006 | D:9      | Found a sparkling altar of Nemelex Xobeh.
  7428 | D:10     | Entered Level 10 of the Dungeon
  7450 | D:10     | Found a runed translucent door.
  7552 | D:10     | Reached skill level 10 in Shields
  7592 | D:10     | Received a gift from Okawaru
  7884 | D:10     | Noticed a two-headed ogre
  7891 | D:10     | Killed a two-headed ogre
  7892 | D:10     | Reached skill level 1 in Throwing
  7924 | D:10     | Found a shimmering altar of Xom.
  8386 | D:10     | Noticed a sixfirhy
  8441 | D:10     | Found a staircase to the Orcish Mines.
  8787 | D:11     | Noticed a two-headed ogre
  8795 | D:10     | Killed a two-headed ogre
  8796 | D:10     | Reached XP level 11. HP: 41/100 MP: 9/15
  9073 | D:11     | Noticed Harold
  9104 | D:11     | Killed Harold
  9340 | D:11     | Noticed Snorg
  9402 | D:11     | Killed Snorg
  9402 | D:11     | Received a gift from Okawaru
  9442 | D:11     | Found a staircase to the Lair.
  9613 | D:11     | Received a gift from Okawaru
  9703 | D:11     | Reached skill level 11 in Shields
  9750 | Lair:1   | Entered Level 1 of the Lair of Beasts
  9750 | Lair:1   | Noticed Joseph
  9759 | Lair:1   | Killed Joseph
  9859 | Lair:1   | Identified the +8 quarterstaff of Pijuih {freeze, Fly Str+6
                  | Dex-5} (Okawaru gifted it to you on level 1 of the Lair of
                  | Beasts)
  9859 | Lair:1   | Received a gift from Okawaru
 10020 | Lair:1   | Reached skill level 10 in Unarmed Combat
 10051 | Lair:1   | Noticed a seven-headed hydra
 10061 | Lair:1   | Killed an 11-headed hydra
 10062 | Lair:1   | Reached skill level 5 in Throwing
 10438 | Lair:1   | Noticed Maggie
 10452 | Lair:1   | Killed Maggie
 10794 | Lair:2   | Noticed a five-headed hydra
 10809 | Lair:2   | Killed a five-headed hydra
 10810 | Lair:2   | Reached skill level 5 in Fighting
 10810 | Lair:2   | Reached XP level 12. HP: 71/111 MP: 16/16
 10922 | Lair:2   | Found a staircase to the Swamp.
 10938 | Lair:2   | Received a gift from Okawaru
 11224 | Lair:2   | Reached skill level 12 in Shields
 11688 | Lair:2   | Reached ****** piety under Okawaru
 11712 | Lair:2   | Identified the +0 hat of Tausod {rC+ Int-3 Stlth+} (Okawaru
                  | gifted it to you on level 2 of the Lair of Beasts)
 11712 | Lair:2   | Received a gift from Okawaru
 11905 | Lair:3   | Found a staircase to the Snake Pit.
 12123 | Lair:3   | Noticed Amaemon
 12262 | Lair:3   | Noticed Sonja
 12266 | Lair:3   | Cast into level 2 of the Abyss (Sonja)
 12465 | Abyss:2  | Noticed a starcursed mass
 12835 | Abyss:2  | Mangled by a phantasmal warrior

Illustrated notes

Levels and vault maps discovered:
D:1:      minmay_arrival_stair_chambers, layout_basic
D:2:      minmay_recursive_quarters, layout_basic, skrybe_limestone_x,
          uniq_sigmund, uniq_natasha
D:3:      layout_basic, mainiacjoe_overflow_concentric_impassable,
          ebering_ecumenical_altar_sacrificial, columned_hall_lemuel
D:4:      layout_loops_cross, minmay_temple_entry_hall, lightli_corner_chamber
D:5:      layout_basic, lemuel_crystal_altar
D:6:      layout_gridville, mainiacjoe_overflow_big_doors, solitary_fountain,
          roderic_serpentine_path, hangedman_decor_diamond_cutter,
          uniq_blork_the_orc
D:7:      layout_loops_ring
D:8:      layout_basic, mainiacjoe_overflow_surrounded_room, serial_shops,
          nicolae_shop_bloodbath_and_beyond, disabler_island,
          uniq_prince_ribbit1
D:9:      layout_gridville, mainiacjoe_overflow_boulevard,
          nemelex_xobeh_ov_fountains_minmay
D:10:     cheibrodos_shockbox, layout_long_grid, xom_teletrap_fun, erik_orc_2,
          serial_bayou_lagoon_a
D:11:     layout_roguey, david_lair_generic, uniq_snorg, uniq_harold
Temple:   eino_temple_water
Lair:1:   layout_roguey, lemuel_fruit_tree, grunt_megastairs_2, uniq_joseph,
          uniq_maggie
Lair:2:   layout_loops_ring, swamp_mist
Lair:3:   layout_regular_city, guppyfry_snake_entry_island, patterned_corridor,
          grunt_megastairs_3, uniq_sonja, uniq_amaemon
Abyss:2:  base: D:13, evilmike_abyss_exit_10, serial_sigils_hangedman_gut,
          abyss_greek_temple, abyss_greek_temple, lemuel_flamethrower_2,
          hangedman_abyss_mock_shop

Skill      XL: |  1  2  3  4  5  6  7  8  9 10 11 12 |
---------------+-------------------------------------+-----
Shields        | 3 4 5 6 7 9 10 11 12 | 12.4
Fighting       | 3 4 5 |  5.0
Unarmed Combat | 3 4 5 6 7 9 10 11 | 11.5
Invocations    | 2 5 7 |  7.0
Armour         | 2 3 4 |  4.3
Throwing       | 2 5 |  5.0
Dodging        | |  2.4

Action                   |  1- 3 |  4- 6 |  7- 9 | 10-12 || total
-------------------------+-------+-------+-------+-------++-------
Melee: Unarmed           |    54 |   158 |   367 |   693 ||  1272
       Mace              |       |       |       |     8 ||     8
 Fire: Fustibalus        |       |       |       |     1 ||     1
Throw: Stone             |       |       |     6 |    78 ||    84
       Dart              |       |       |     3 |     3 ||     6
       Javelin           |       |       |       |     9 ||     9
       Boomerang         |       |       |       |     8 ||     8
Invok: Heroism           |       |       |       |     3 ||     3
       Finesse           |       |       |       |     3 ||     3
  Use: Scroll            |     3 |       |    11 |    12 ||    26
Armor: Robe              |    22 |    20 |       |       ||    42
       Gold dragon scale |       |    60 |   191 |   414 ||   665
Dodge: Dodged            |    12 |    17 |    19 |    59 ||   107
Block: Kite shield       |    18 |    51 |   141 |   381 ||   591

Table legend: (Time is in decaauts)
 A = Elapsed time spent in this place.
 B = Non-inter-level travel time spent in this place.
 C = Inter-level travel time spent in this place.
 D = Time resting spent in this place.
 E = Time spent auto-exploring this place.
 F = Levels seen in this place.
 G = Mean time per level.
                   A        B        C        D        E       F      G
               +--------+--------+--------+--------+--------+-----+--------+
         Total |  12787 |  12175 |    612 |    552 |   8469 |  16 |  799.2 |
       Dungeon |   9677 |   9187 |    490 |    232 |   6658 |  11 |  879.7 |
        Temple |    189 |    178 |     11 |      0 |    166 |   1 |  189.0 |
          Lair |   2359 |   2249 |    110 |     72 |   1645 |   3 |  786.3 |
         Abyss |    560 |    560 |      0 |    248 |      0 |   1 |  560.0 |
               +--------+--------+--------+--------+--------+-----+--------+

Top non-repeatable levels by time:
    D:10: 1427 daAuts
  Lair:2: 1079 daAuts
     D:5: 1035 daAuts
     D:2: 989 daAuts
     D:7: 963 daAuts
     D:6: 950 daAuts
    D:11: 900 daAuts
  Lair:1: 898 daAuts
     D:9: 872 daAuts
     D:8: 782 daAuts
     D:4: 602 daAuts
     D:3: 577 daAuts
     D:1: 576 daAuts
 Abyss:2: 560 daAuts
  Lair:3: 381 daAuts
